 Dungeon Crawl Stone Soup version 0.21.1-1-g345015f (webtiles) character file.

256 Limpidissima the Skirmisher (level 5, -3/47 HPs)
             Began as a Draconian Monk on July 18, 2018.
             Killed by nerve-wracking pain
             ... invoked by an orc priest
              (8 damage)
             ... on level 4 of the Dungeon.
             The game lasted 00:10:15 (2978 turns).

Limpidissima the Skirmisher (Draconian Monk)        Turns: 2978, Time: 00:10:16

Health: -3/47      AC:  5    Str: 13    XL:     5   Next: 92%
Magic:  5/5        EV: 16    Int: 12    God:
Gold:   115        SH:  0    Dex: 13    Spells: 4/4 levels left

rFire    . . .     SeeInvis .     - Unarmed
rCold    . . .     Gourm    .   (no shield)
rNeg     . . .     Faith    .   (armour unavailable)
rPois    .         Spirit   .   (helmet restricted)
rElec    .         Reflect  .   (no cloak)
rCorr    .         Harm     .   (no gloves)
MR       .....                  (no boots)
Stlth    ++........             i - amulet of rage
HPRegen  0.15/turn              k - +2 ring of evasion
MPRegen  0.09/turn              (no ring)

@: no status effects
A: unfitting armour, cold-blooded, AC +5
a: Evoke Berserk Rage


You were on level 4 of the Dungeon.
You were not hungry.

You visited 1 branch of the dungeon, and saw 4 of its levels.

You collected 115 gold pieces.

Inventory:

Jewellery
 f - an uncursed ring of flight {unknown}
 i - an amulet of rage (around neck)
 k - a +2 ring of evasion (left hand)
 l - an uncursed amulet of regeneration
Scrolls
 b - 2 scrolls of teleportation
 c - a scroll of fog
 h - 5 scrolls of remove curse
 j - 5 scrolls of identify
 m - a scroll of random uselessness {unknown}
 q - a scroll of magic mapping {unknown}
Potions
 d - a potion of invisibility
 e - 2 potions of heal wounds
 g - 2 potions of brilliance
 n - a potion of curing
 o - a potion of agility {unknown}
Comestibles
 a - 4 rations
 p - 2 chunks of flesh


   Skills:
 * Level 4.6 Fighting
 * Level 4.6 Dodging
 - Level 1.7 Stealth
 + Level 4.2 Unarmed Combat


You had 4 spell levels left.
You didn't know any spells.

Dungeon Overview and Level Annotations

Branches:
Dungeon (4/15)
 Temple: D:4-7

Altars:
Elyvilon
Hepliaklqana
Vehumet

Shops:
D:4 :


Innate Abilities, Weirdness & Mutations

Your plain brown scales are hard. (AC +5)
You cannot fit into any form of body armour.
You are cold-blooded and may be slowed by cold attacks.


Message History

The orc priest invokes the aid of Beogh against you.
Pain shoots through your body!
* * * LOW HITPOINT WARNING * * *
You hit the orc priest but do no damage.
The orc priest is moderately wounded.
The orc priest closely misses you.
You hit the orc priest.
The orc priest is heavily wounded.
The orc priest completely misses you.
You barely miss the orc priest.
The orc priest is heavily wounded.
The orc priest completely misses you.
You closely miss the orc priest.
The orc priest is heavily wounded.
You closely miss the orc priest.
You tail-slap the orc priest, but do no damage.
The orc priest is heavily wounded.
The orc priest calls down the wrath of Beogh upon you.
Pain shoots through your body!
You die...

#+#####
.......
#######.......
#....@o)......
#.#####.......
#.# .......
#.# .......
#.# .......
#.# .......
#.#
###########
#.#
#.........###
#.#
#............


You could see an orc priest.

Vanquished Creatures
  A scorpion (D:3)
  A bullfrog skeleton (D:3)
  A worker ant (D:4)
  7 adders
  An ooze (D:1)
  3 worms
  An adder skeleton (D:3)
  A dart slug (D:1)
  A leopard gecko (D:2)
  6 orcs
  12 bats
  3 giant cockroaches
  8 goblins
  8 hobgoblins
  4 jackals
  3 kobolds
  A frilled lizard (D:3)
  4 rats
66 creatures vanquished.

Notes
Turn   | Place    | Note
-------+----------+-------------------------------------------
     0 | D:1      | Limpidissima the Draconian Monk began the quest for the Orb.
     0 | D:1      | Reached XP level 1. HP: 19/19 MP: 1/1
   164 | D:1      | Reached XP level 2. HP: 25/26 MP: 2/2
   785 | D:1      | Reached XP level 3. HP: 27/33 MP: 3/3
  1188 | D:2      | Found a radiant altar of Vehumet.
  1640 | D:3      | Reached XP level 4. HP: 35/40 MP: 4/4
  2266 | D:3      | Reached XP level 5. HP: 38/46 MP: 5/5
  2480 | D:3      | Found a white marble altar of Elyvilon.
  2649 | D:3      | Found a hazy altar of Hepliaklqana.
  2849 | D:4      | Found Gatuacki's Book Shoppe.
  2978 | D:4      | Killed from afar by an orc priest

Skill      XL: |  1  2  3  4  5 |
---------------+----------------+-----
Dodging        | 3 4 |  4.6
Fighting       | 4 |  4.6
Unarmed Combat | 4 |  4.2
Stealth        | |  1.7

Action                   |  1- 3 |  4- 6 || total
-------------------------+-------+-------++-------
Melee: Unarmed           |   111 |   174 ||   285
       Tailslap          |    16 |    23 ||    39
       Punch             |       |     2 ||     2
  Use: Scroll            |       |     9 ||     9
 Stab: Sleeping          |     4 |       ||     4
       Distracted        |     1 |       ||     1
  Eat: Chunk             |     2 |     5 ||     7
Armor: Skin              |    30 |    29 ||    59
Dodge: Dodged            |    78 |   128 ||   206
